 Dungeon Crawl Stone Soup version 0.28.0-47-ge53b351184 (webtiles) character file.

Game seed: 14811392571761206392

48360 Bruhh the Thaumaturge (level 14, 0/103 HPs)
             Began as a Djinni Fire Elementalist on Apr 30, 2022.
             Was an Initiate of Gozag.
             Hit by a silver javelin thrown by Urug (11 damage)
             ... on level 6 of the Lair of Beasts.
             The game lasted 01:04:48 (30990 turns).

Bruhh the Thaumaturge (Djinni Fire Elementalist)   Turns: 30990, Time: 01:04:50

Health: 0/103      AC: 12    Str: 16 (17) XL:     14   Next: 86%
Gold:   1424       EV:  9    Int: 21      God:    Gozag SH: 11 Dex: 15

rFire   + + .      SeeInvis .   d - +8 falchion "Rainuttug" {vamp, rPois}
rCold   x . .      Faith    .   I - +0 kite shield
rNeg    . . .      Spirit   .   O - +5 scale mail of Xom's Hope {+Inv rCorr Str+4}
rPois   ∞          Reflect  .   (no helmet)
rElec   .          Harm     .   y - +1 cloak
rCorr   +          Rampage  .   (no gloves)
Will    +....                   (boots unavailable)
Stlth   +.........              (no amulet)
HPRegen 0.27/turn               e - ring of wizardry
MPRegen 0.00/turn               q - +6 ring of strength

@: corroded, flying
A: sickness immunity, fire resistance 2, cold vulnerability 1, float, innate
caster, HP casting, extra vitality 1
a: Renounce Religion, Evoke Invisibility, Potion Petition, Call Merchant, Bribe
Branch


You were on level 6 of the Lair of Beasts.
You worshipped Gozag.
Gozag was most pleased with you.
You visited 3 branches of the dungeon, and saw 18 of its levels.
You visited the Abyss 1 time.

You collected 5058 gold pieces.
You paid 3634 gold pieces to Gozag.

Inventory:

Hand Weapons
 d - the +8 falchion "Rainuttug" (weapon) {vamp, rPois}
   (You found it on level 6 of the Lair of Beasts)

   It occasionally heals its wielder for a portion of the damage dealt when it
   wounds a living foe.
   rPois:     It protects you from poison.
 k - a +4 dagger of venom
 A - the +4 battleaxe "Neadihyss" {holy, *Noise Str+5 Dex+4 Stlth+}
   (You found it on level 6 of the Dungeon)

   It has been blessed by the Shining One to cause great damage to the undead
   and demons.
   Str:       It affects your strength (+5).
   Dex:       It affects your dexterity (+4).
   *Noise:    It may make noises in combat.
   Stlth:     It makes you more stealthy.
 E - the +10 falchion of Integrity {spect, rElec}
   (You found it on level 8 of the Dungeon)

   When its wielder attacks, the weapon's spirit leaps out and strikes again.
   The spirit shares a part of any damage it takes with its wielder.
   rElec:     It insulates you from electricity.
 T - the +8 great sword "Uwaob" {speed, rC+ rN+ rCorr Str+3 Dex-2}
   (You found it on level 5 of the Lair of Beasts)

   Attacks with this weapon are significantly faster.
   Str:       It affects your strength (+3).
   Dex:       It affects your dexterity (-2).
   rC:        It protects you from cold.
   rN:        It protects you from negative energy.
   rCorr:     It protects you from acid and corrosion.
Armour
 a - a +0 robe
 y - a +1 cloak (worn)
 I - a +0 kite shield (worn)
 J - a +0 ring mail
 O - the +5 scale mail of Xom's Hope (worn) {+Inv rCorr Str+4}
   (You found it on level 6 of the Lair of Beasts)

   Str:       It affects your strength (+4).
   +Inv:      It lets you turn invisible.
   rCorr:     It protects you from acid and corrosion.
Jewellery
 e - a ring of wizardry (left hand)
 g - a +6 ring of dexterity
 q - a +6 ring of strength (right hand)
 S - a ring of fire
Wands
 o - a wand of polymorph (7)
 t - a wand of flame (56)
 F - a wand of acid (4)
 H - a wand of paralysis (4)
 K - a wand of mindburst (5)
 L - a wand of digging (9)
 N - a wand of iceblast (4)
Scrolls
 b - 7 scrolls of enchant armour
 f - 5 scrolls of immolation
 i - 3 scrolls of enchant weapon
 j - 4 scrolls of fog
 n - 5 scrolls of amnesia
 p - 3 scrolls of vulnerability
 s - 4 scrolls of teleportation
 B - 2 scrolls of magic mapping
 C - 2 scrolls of fear
 G - a scroll of brand weapon
 P - a scroll of identify
 Q - a scroll of noise {unknown}
Potions
 c - 4 potions of flight
 h - 8 potions of curing
 l - 2 potions of resistance
 m - a potion of berserk rage
 r - 3 potions of attraction
 u - a potion of magic
 v - 4 potions of lignification
 w - 3 potions of brilliance
 x - a potion of cancellation
 z - a potion of ambrosia
 D - a potion of invisibility
 M - a potion of degeneration
 R - 2 potions of haste
Miscellaneous
 U - a lightning rod (4/4)


   Skills:
 - Level 10.1 Fighting
 + Level 6.1 Long Blades
 - Level 10.0 Armour
 - Level 2.1 Dodging
 - Level 1.5 Stealth
 - Level 10.0 Shields
 - Level 12.0 Spellcasting
 - Level 8.0 Evocations


You had 6 spell levels left.
You knew the following spells:

 Your Spells              Type           Power      Damage    Failure   Level
a - Foxfire               Conj/Fire      100%       2x1d9     1%          1
b - Scorch                Fire           100%       2d10      1%          2
c - Conjure Flame         Conj/Fire      58%        6-21      1%          3
d - Inner Flame           Hex/Fire       58%        N/A       1%          3
e - Flame Wave            Conj/Fire      58%        2d11      1%          4
f - Freeze                Ice            100%       1d11      1%          1
g - Static Discharge      Conj/Air       58%        N/A       1%          2
h - Summon Guardian Gole  Hex/Summ       58%        N/A       1%          3
i - Call Canine Familiar  Summ           58%        N/A       1%          3
j - Olgreb's Toxic Radia  Pois           58%        N/A       1%          4
k - Freezing Cloud        Conj/Ice/Air   29%        6-21      2%          5
Your spell library was empty.

Dungeon Overview and Level Annotations

Branches:
Dungeon (11/15)            Temple (1/1) D:4            Lair (6/6) D:10
 Shoals (0/4) Lair:2        Snake (0/4) Lair:4        Slime (0/5) Lair:5
    Orc: D:9-12

Altars:
Ashenzari
Cheibriados
Dithmenos
Elyvilon
Fedhas
Gozag
Hepliaklqana
Kikubaaqudgha
Makhleb
Nemelex Xobeh
Okawaru
Qazlal
Ru
Sif Muna
Trog
Uskayaw
Vehumet
Wu Jian
Xom
Yredelemnul
Zin
The Shining One
Jiyva

Shops:
D:1 (   D:2 *   D:10 (   Lair:2 :

Portals:
Hell: Lair:6

Annotations:
Lair:5 2 transporters, KamiKatze's ghost, journeyman OpCj
Lair:6 Rupert; Urug


Innate Abilities, Weirdness & Mutations

You are immune to sickness and miasma.
You are immune to poison.
Your flesh is very heat resistant. (rF++)
You are vulnerable to cold. (rC-)
You float through the air rather than walking.
You learn spells naturally, not from books.
Your magical power is your life essence.
You have superior vitality. (+4 MHP)


Message History

You now have 1424 gold pieces (gained 6).
There is a stone staircase leading up here.
You see here 8 gold pieces.
Urug is nearby!
Urug is nearby!
Urug is nearby!
Urug is nearby!
Urug is nearby!
Urug is nearby!
Urug zaps a wand.
The bolt of acid hits you! You resist. The acid corrodes you!
Casting: Freezing Cloud (dangerous; 2% risk of failure)
Confirm with . or Enter, or press ? or * to list all spells.
Aiming: Inner Flame (safe; 1% risk of failure)
Press: ? - help, Dir - move target, f - Urug
Aim: Urug, wielding a +2 vorpal scimitar, wearing a +0 scale mail of willpower, quivering silver javelins and carrying a wand of acid (2) (chance to affect: 59%) Urug is filled with an inner flame.
Urug zaps a wand.
The bolt of acid hits you! You resist.
Urug says, "They call me one-eyed Urug.
When I'm done with you they'll have to call you no-head Bruhh."
Urug throws a silver javelin.
The silver javelin pierces through you!
Casting: Inner Flame (safe; 1% risk of failure)
Confirm with . or Enter, or press ? or * to list all spells.
You begin to radiate toxic energy.
Flame seeps out of Urug.
Urug is poisoned.
Flame seeps out of Urug.
Urug is engulfed in blazing flames.
Flame seeps out of Urug.
Urug howls with blood-lust.
Urug throws a silver javelin.
The silver javelin pierces through you!!
Flame seeps out of Urug.
Urug looks even sicker.
Your toxic aura wanes.
Urug is engulfed in blazing flames.
Flame seeps out of Urug.
Urug throws a silver javelin.
The silver javelin pierces through you!!
* * * LOW HITPOINT WARNING * * *
x2
As you read the scroll of fear, it crumbles to dust.
You assume a fearsome visage.
Urug resists with some effort.
Flame seeps out of Urug.
Urug is engulfed in blazing flames.
Flame seeps out of Urug.
Urug throws a silver javelin.
The silver javelin pierces through you!
You die...
Your body crumbles into a pile of gold.

...... #. .P .....#
######.# ..F.... .....#
##......##. .....
......##.........##....#
........#.............##
#.......................
.#......................
.#...........$..........
#.##........<...@.......
# #..............o....
###..................
#(...................
####..#.................
#.....###...............
.....#.##...............
......####..............
.......###.........


You could see Urug (inner flame, very poisoned) and a blink frog (wandering).

Vanquished Creatures
  Nessos (Lair:6)
  A great orb of eyes (Abyss:2)
  7 hydras
  A boulder beetle (Lair:6)
  A catoblepas (Lair:3)
  A two-headed ogre (D:7)
  5 death yaks (Lair:4)
  Sonja (Lair:3)
  Nergalle (Lair:2)
  A sun demon (Lair:6)
  A spatial maelstrom (Abyss:2)
  A wizard (Lair:6)
  A lindwurm (Lair:6)
  An oklob plant (Lair:4)
  6 black mambas
  Joseph (D:7)
  A merfolk siren (Lair:2)
  A torpor snail (Lair:5)
  A smoke demon (Abyss:2)
  12 cane toads
  2 orange demons (Lair:6)
  Maggie (D:10)
  An unseen horror (D:10)
  11 komodo dragons
  8 rime drakes
  A tormentor (Lair:6)
  A hellwing (Lair:6)
  A red devil (Lair:6)
  3 ice devils (Lair:6)
  4 polar bears
  2 trolls
  Grinder (D:4)
  A hornet (D:6)
  16 blink frogs
  7 dream sheep
  3 large abominations (Abyss:2)
  A shadow (D:9)
  Sigmund (D:4)
  6 wyverns
  4 basilisks
  A chaos spawn (Abyss:2)
  41 yaks
  A steam dragon (D:8)
  4 vampire mosquitoes (D:10)
  3 hell hounds (Lair:6)
  15 water moccasins
  An ice beast (D:6)
  3 orc warriors
  2 sky beasts
  2 black bears
  13 wolves
  A centaur (D:8)
  2 ogres
  14 bullfrogs
  4 scorpions
  3 gnoll sergeants
  2 water moccasin zombies
  2 wyvern skeletons
  A water moccasin skeleton (D:4)
  12 killer bees
  9 wights
  6 howler monkeys
  3 centaur zombies
  3 jellies
  4 hounds (D:5)
  4 orc priests
  A gnoll shaman (D:8)
  5 iguanas
  7 orc wizards
  A killer bee zombie (D:6)
  A howler monkey zombie (D:9)
  9 adders
  12 gnolls
  A shadow imp (D:6)
  A white imp (D:7)
  An ufetubus (D:4)
  5 worms (D:2)
  30 orcs
  6 endoplasms
  2 giant cockroaches
  5 goblins
  5 hobgoblins
  3 jackals (D:1)
  4 kobolds
  2 quokkas
  5 ball pythons
  5 bats
  A frilled lizard (D:1)
  5 rats
  4 bushes
  A butterfly (D:7)
399 creatures vanquished.

Vanquished Creatures (collateral kills)
  A gargoyle (D:10)
  An ogre (D:5)
  A hound (D:5)
  An iguana (D:5)
  3 foxfires (D:1)
7 creatures vanquished.

Vanquished Creatures (others)
  77 foxfires
  38 fungi
  50 plants
  9 toadstools (Lair:4)
174 creatures vanquished.

Grand Total: 580 creatures vanquished

Notes
Turn   | Place    | Note
-------+----------+-------------------------------------------
     0 | D:1      | Bruhh the Djinni Fire Elementalist began the quest for the
                  | Orb.
     0 | D:1      | Reached XP level 1. HP: 15/15 MP: 0/0
   411 | D:1      | Found a faded altar of an unknown god.
   417 | D:1      | Reached XP level 2. HP: 19/21 MP: 0/0
   921 | D:1      | Reached skill level 3 in Spellcasting
   963 | D:1      | Found Afoolan's Antique Weapon Shop.
  1413 | D:2      | Reached XP level 3. HP: 20/25 MP: 0/0
  1413 | D:2      | Learned a level 1 spell: Freeze
  1985 | D:2      | Reached XP level 4. HP: 26/31 MP: 0/0
  2352 | D:2      | Found Jipour's General Store.
  3225 | D:3      | Reached skill level 4 in Spellcasting
  3227 | D:3      | Reached XP level 5. HP: 18/35 MP: 0/0
  3227 | D:3      | Learned a level 2 spell: Static Discharge
  4128 | D:4      | Noticed Sigmund
  4137 | D:4      | Reached XP level 6. HP: 24/40 MP: 0/0
  4138 | D:4      | Killed Sigmund
  4139 | D:4      | Reached skill level 5 in Spellcasting
  4139 | D:4      | Reached XP level 7. HP: 6/45 MP: 0/0
  4139 | D:4      | Learned a level 3 spell: Summon Guardian Golem
  4522 | D:4      | Found a staircase to the Ecumenical Temple.
  4540 | D:4      | Noticed Grinder
  4552 | D:4      | Killed Grinder
  4553 | D:4      | Reached skill level 6 in Spellcasting
  4821 | Temple   | Entered the Ecumenical Temple
  4898 | Temple   | Became a worshipper of Gozag Ym Sagoz the Greedy
  5102 | D:4      | Found a bloodstained altar of Trog.
  5331 | D:4      | Reached XP level 8. HP: 43/50 MP: 0/0
  5496 | D:4      | Found a hide-covered altar of Uskayaw.
  5677 | D:5      | Entered Level 5 of the Dungeon
  5684 | D:5      | Reached skill level 7 in Spellcasting
  5783 | D:5      | Reached skill level 1 in Fighting
  5783 | D:5      | Reached skill level 1 in Armour
  6672 | D:5      | HP: 2/58 [scorpion (6)]
  6674 | D:5      | Reached XP level 9. HP: 2/62 MP: 0/0
  6674 | D:5      | Learned a level 3 spell: Call Canine Familiar
  8219 | D:6      | Reached skill level 5 in Fighting
  8219 | D:6      | Reached skill level 5 in Armour
  8918 | D:6      | Noticed a hornet
  8922 | D:6      | Killed a hornet
  9228 | D:6      | Identified the +4 battleaxe "Neadihyss" {holy, *Noise Str+5
                  | Dex+4 Stlth+}
  9264 | D:7      | Noticed Joseph
  9276 | D:7      | Killed Joseph
  9323 | D:7      | Reached XP level 10. HP: 53/73 MP: 0/0
  9632 | D:7      | Noticed a two-headed ogre
  9637 | D:7      | Killed a two-headed ogre
 10022 | D:7      | Found an ornate altar of the Wu Jian Council.
 10213 | D:7      | Found a white marble altar of Elyvilon.
 11628 | D:8      | Found an iron altar of Okawaru.
 11844 | D:8      | Identified the +10 falchion of Integrity {spect, rElec}
 11891 | D:8      | Reached XP level 11. HP: 17/84 MP: 0/0
 11891 | D:8      | Learned a level 4 spell: Olgreb's Toxic Radiance
 13276 | D:9      | Reached skill level 10 in Fighting
 13276 | D:9      | Reached skill level 10 in Armour
 13796 | D:9      | Reached skill level 1 in Evocations
 13936 | D:10     | Entered Level 10 of the Dungeon
 13940 | D:10     | Found a broken altar of Ashenzari.
 14447 | D:10     | Noticed Maggie
 14451 | D:10     | Killed Maggie
 14452 | D:10     | Reached skill level 1 in Shields
 14870 | D:11     | Identified a scroll of acquirement
 14926 | D:10     | Found Moaku's Weapon Boutique.
 15202 | D:10     | Found a sacrificial altar of Ru.
 15677 | D:10     | Found a staircase to the Lair.
 15767 | Lair:1   | Entered Level 1 of the Lair of Beasts
 16150 | Lair:1   | Reached skill level 5 in Evocations
 16551 | Lair:1   | Reached skill level 5 in Shields
 17024 | Lair:1   | Noticed a four-headed hydra
 17028 | Lair:1   | Reached XP level 12. HP: 71/91 MP: 0/0
 17037 | Lair:1   | Killed a four-headed hydra
 18007 | Lair:1   | Acquired 1124 gold pieces
 19792 | Lair:2   | Noticed Nergalle
 19802 | Lair:2   | Killed Nergalle
 20296 | Lair:2   | Found a staircase to the Shoals.
 20873 | Lair:3   | Reached XP level 13. HP: 55/96 MP: 0/0
 20873 | Lair:3   | Learned a level 5 spell: Freezing Cloud
 21170 | Lair:3   | Noticed a catoblepas
 21181 | Lair:3   | Killed a catoblepas
 22057 | Lair:3   | Noticed Sonja
 22060 | Lair:3   | Reached skill level 8 in Spellcasting
 22072 | Lair:3   | Killed Sonja
 22980 | Lair:4   | Reached skill level 10 in Shields
 22987 | Lair:4   | Reached skill level 9 in Spellcasting
 23396 | Lair:4   | Found a staircase to the Snake Pit.
 24467 | Lair:4   | Reached skill level 1 in Long Blades
 24467 | Lair:4   | Reached skill level 10 in Spellcasting
 24784 | Lair:4   | Found a blossoming altar of Fedhas.
 25279 | Lair:5   | Found the +8 orange crystal plate armour {Archmagi, Int+3
                  | Clar}
 25354 | Lair:5   | Found a transporter.
 25356 | Lair:5   | Found a transporter.
 25359 | Lair:5   | Noticed KamiKatze's ghost (journeyman OpCj)
 25398 | Lair:5   | Identified the +8 great sword "Uwaob" {speed, rC+ rN+ rCorr
                  | Str+3 Dex-2}
 25494 | Lair:5   | Found a staircase to the Slime Pits.
 25496 | Lair:5   | Noticed an eight-headed hydra
 25502 | Lair:5   | Killed an eight-headed hydra
 25521 | Lair:5   | Found a viscous altar of Jiyva.
 25536 | Lair:5   | Reached XP level 14. HP: 45/103 MP: 0/0
 26875 | Lair:6   | Entered Level 6 of the Lair of Beasts
 26876 | Lair:6   | Noticed Rupert
 27179 | Lair:6   | Noticed Nessos
 27621 | Lair:6   | Reached skill level 11 in Spellcasting
 28093 | Lair:6   | Noticed Urug
 28295 | Lair:6   | Killed Nessos
 28665 | Lair:6   | Reached skill level 5 in Long Blades
 29641 | Lair:6   | Cast into level 2 of the Abyss (a wizard)
 29641 | Abyss:2  | Found a corrupted altar of Lugonu.
 29765 | Abyss:2  | Noticed a starcursed mass
 29765 | Abyss:2  | HP: 5/103 [smoke demon/divine providence (14)]
 29780 | Abyss:2  | Paralysed by accursed screaming for 1 turns
 29939 | Abyss:2  | Noticed a balrug
 29942 | Lair:6   | Escaped the Abyss
 30209 | Lair:6   | Found a burning altar of Makhleb.
 30236 | Lair:6   | Reached skill level 12 in Spellcasting
 30621 | Lair:6   | Found a gateway to Hell.
 30629 | Lair:6   | Identified the +5 scale mail of Xom's Hope {+Inv rCorr
                  | Str+4}
 30629 | Lair:6   | Identified the +8 falchion "Rainuttug" {vamp, rPois}
 30990 | Lair:6   | Hit by a silver javelin thrown by Urug

Illustrated notes

Levels and vault maps discovered:
D:1:      lightli_arrival_windingriver, layout_basic, serial_shops, shop,
          shapermc_ecumenical_altar_gd
D:2:      layout_loops_cross, serial_shops, nicolae_shop_stone
D:3:      layout_basic, grunt_ministairs_4, minivault_4
D:4:      layout_gridville, kennysheep_mini, kennysheep_mini_moat,
          nicolae_kikubaaqudgha_miasma_corner, minmay_temple_entry_slanted,
          uniq_grinder, uniq_sigmund
D:5:      layout_basic, minmay_pentangle
D:6:      layout_rooms, grunt_ministairs_11, kennysheep_generic_room_15
D:7:      layout_cave_pools, nicolae_elyvilon_peaceful_grove,
          mainiacjoe_overflow_two_lobes, uniq_joseph
D:8:      layout_basic, okawaru_ov_weapons_minmay, minmay_checkerbox
D:9:      layout_roguey, nicolae_wwwww, grunt_ministairs_14,
          kennysheep_generic_room_5
D:10:     layout_basic, mainiacjoe_overflow_catch_the_wave, lair_entry_dummy,
          serial_shops, nicolae_shop_bloodbath_and_beyond, uniq_maggie
D:11:     layout_loops_ring, david_orc_2
Temple:   dshaligram_water_room_temple
Lair:1:   layout_regular_city
Lair:2:   layout_loops_ring, minmay_shoals_entry_lonely_mermaid,
          portal_ice_cave_rime, uniq_nergalle
Lair:3:   layout_layer_cave, uniq_sonja
Lair:4:   layout_regular_city, minmay_snake_entry_six_corridors, tgw_fedhas
Lair:5:   layout_roguey, slime_altar_1, gammafunk_ghost_hive, grunt_megastairs_1
Lair:6:   evil_forest, layout_cave_pods, serial_bayou_shore_b, uniq_urug,
          uniq_nessos, uniq_rupert

Skill      XL: |  1  2  3  4  5  6  7  8  9 10 11 12 13 14 |
---------------+-------------------------------------------+-----
Spellcasting   | 3 4 5 6 7 10 12 | 12.0
Fighting       | 4 6 9 10 | 10.1
Armour         | 4 6 9 10 | 10.0
Evocations     | 5 8 |  8.0
Shields        | 5 8 10 | 10.0
Long Blades    | 2 6 |  6.1
Dodging        | |  2.1
Stealth        | |  1.5

Action                   |  1- 3 |  4- 6 |  7- 9 | 10-12 | 13-15 || total
-------------------------+-------+-------+-------+-------+-------++-------
Melee: Unarmed           |     3 |       |       |       |       ||     3
       Dagger            |       |     8 |     4 |       |       ||    12
       Battleaxe         |       |       |       |     8 |       ||     8
       Falchion          |       |       |       |     6 |   228 ||   234
 Cast: Foxfire           |    43 |       |     2 |     1 |     5 ||    51
       Scorch            |    12 |    44 |   102 |   209 |    93 ||   460
       Inner Flame       |       |     3 |    10 |    68 |    39 ||   120
       Static Discharge  |       |       |     3 |     4 |     1 ||     8
       Freeze            |       |       |     1 |       |       ||     1
       Flame Wave        |       |       |     6 |    12 |       ||    18
       Call Canine Famil |       |       |     2 |     3 |     1 ||     6
       Conjure Flame     |       |       |       |     2 |       ||     2
       Olgreb's Toxic Ra |       |       |       |    18 |    21 ||    39
       Freezing Cloud    |       |       |       |       |    23 ||    23
Invok: Potion Petition   |       |       |       |     2 |     5 ||     7
       Call Merchant     |       |       |       |     1 |       ||     1
Evoke: Wand              |       |       |       |       |     4 ||     4
  Use: Scroll            |       |       |     1 |    15 |     7 ||    23
       Potion            |       |       |       |     4 |     8 ||    12
 Stab: Paralysed         |       |       |       |       |    17 ||    17
       Distracted        |       |       |       |       |     4 ||     4
       Invisible         |       |       |       |       |     3 ||     3
Armor: Robe              |     1 |     1 |     8 |    13 |       ||    23
       Ring mail         |       |       |       |    19 |    62 ||    81
       Skin              |       |       |       |       |     5 ||     5
       Scale mail        |       |       |       |       |     3 ||     3
Dodge: Dodged            |     6 |    13 |    32 |    61 |    89 ||   201
Block: Kite shield       |       |       |       |    37 |   134 ||   171
